 Dungeon Crawl Stone Soup version 0.19-a0-1786-g230130f (webtiles) character file.

209 wazuzu the Conjurer (level 5, -5/38 HPs)
             Began as a Draconian Wizard on Oct 3, 2016.
             Killed from afar by a white imp (9 damage)
             ... with a puff of frost
             ... summoned by Eustachio
             ... on level 4 of the Dungeon.
             The game lasted 00:12:04 (3212 turns).

wazuzu the Conjurer (Draconian Wizard)              Turns: 3212, Time: 00:12:04

Health: -5/38      AC:  6    Str: 15      XL:     5   Next: 55%
Magic:  3/9        EV: 12    Int: 19      God:
Gold:   166        SH:  0    Dex:  8 (9)  Spells: 2 memorised, 7 levels left

rFire  . . .     SeeInvis .     l - +3 trident (freeze)
rCold  . . .     Gourm    .     (armour unavailable)
rNeg   . . .     Faith    .     (no shield)
rPois  .         Spirit   .     a - +0 hat
rElec  .         Dismiss  .     (no cloak)
rCorr  .         Reflect  .     (no gloves)
MR     .....     Harm     .     m - +0 pair of boots
Stlth  +.........               (no amulet)
                                (no ring)
                                (no ring)

@: mighty
A: unfitting armour, cold-blooded, AC +5
a: no special abilities


You were on level 4 of the Dungeon.
You were not hungry.

You visited 1 branch of the dungeon, and saw 4 of its levels.

You collected 166 gold pieces.

Inventory:

Hand Weapons
 l - a +3 trident of freezing (weapon)
Armour
 a - a +0 hat (worn)
 m - a +0 pair of boots (worn)
Jewellery
 d - an uncursed ring of positive energy {unknown}
 s - an uncursed ring of ice
Wands
 n - a wand of disintegration (5/24)
Scrolls
 h - 3 scrolls of remove curse
 r - a scroll of enchant weapon
Potions
 i - 3 potions of flight
 k - 2 potions of might
 o - 3 potions of curing {unknown}
 q - a potion of magic {unknown}
 t - a potion of cancellation {unknown}
Books
 b - a book of Minor Magic

   Spells                             Type                      Level
   a - Magic Dart                     Conjuration                  1
   b - Blink                          Translocation                2
   c - Call Imp                       Summoning                    2
   d - Repel Missiles                 Charms/Air                   2
   e - Slow                           Hexes                        2
   f - Conjure Flame                  Conjuration/Fire             3
   g - Mephitic Cloud                 Conjuration/Poison/Air       3
Comestibles
 c - 4 bread rations
 f - a meat ration


   Skills:
 - Level 1.7 Dodging
 - Level 1.7 Stealth
 - Level 3.0 Spellcasting
 + Level 5.6 Conjurations
   Level 1.0 Summonings
 - Level 1.0 Translocations


You had 7 spell levels left.
You knew the following spells:

 Your Spells              Type           Power        Failure   Level  Hunger
a - Magic Dart            Conj           ###.         1%          1    None
b - Blink                 Tloc           N/A          17%         2    ##.....


Dungeon Overview and Level Annotations

Branches:
Dungeon (4/15)
 Temple: D:4-7

Altars:
Kikubaaqudgha
Ru
Zin
The Shining One

Annotations:
D:4 Eustachio


Innate Abilities, Weirdness & Mutations

Your plain brown scales are hard. (AC +5)
You cannot fit into any form of body armour.
You are cold-blooded and may be slowed by cold attacks.


Message History

Eustachio blinks!
The white imp hits you.
* * * LOW HITPOINT WARNING * * *
The white imp freezes you.
You feel yourself slow down.
* * * LOW HITPOINT WARNING * * *
Eustachio casts a spell.
The quokka closely misses you.
The quokka bites you but does no damage.
Okay, then.
You feel yourself speed up.
The quokka disappears in a puff of smoke! x2
The quasit closely misses you. x3; The quokka misses you.
The quasit bites you.
* * * LOW HITPOINT WARNING * * *
You feel clumsy. The quasit barely misses you.
The quasit claws you but does no damage.
The bat closely misses you. The bat closely misses you.
The white imp gestures at you. The puff of frost hits you!
You die...

######.........#
#.# #.........#
#.# #.........#
#.# #.........#
#.# #.........#
#.# #.........#
#.# #
#.........# #.#
# #..b......#
#.# #
#@........###.#
#
#.5.@.....'...#
#
#r5.......#####
# #b........# #
####§........# #
#(...§..r....# #
#....######### #
#....# ####
#....# ....


You could see Eustachio, a quasit, a river rat, a white imp, a quokka and 2
bats.

Vanquished Creatures
  An orc priest (D:3)
  A hound (D:4)
  A worker ant (D:4)
  2 adders
  3 oozes
  A worm (D:2)
  2 dart slugs
  3 leopard geckos
  15 orcs
  9 goblins
  7 hobgoblins
  7 jackals
  7 kobolds
  A ball python (D:2)
  3 bats
  4 frilled lizards
  9 rats
76 creatures vanquished.

Notes
Turn   | Place    | Note
-------+----------+-------------------------------------------
     0 | D:1      | wazuzu the Draconian Wizard began the quest for the Orb.
     0 | D:1      | Reached XP level 1. HP: 14/14 MP: 4/4
   139 | D:1      | Reached skill level 2 in Conjurations
   233 | D:1      | Reached XP level 2. HP: 20/20 MP: 1/6
   675 | D:1      | Reached skill level 3 in Conjurations
   690 | D:1      | Reached XP level 3. HP: 20/26 MP: 5/7
  1357 | D:2      | Learned a level 2 spell: Blink
  1585 | D:2      | Reached XP level 4. HP: 31/33 MP: 4/8
  1785 | D:3      | Reached skill level 4 in Conjurations
  2160 | D:3      | Found an ancient bone altar of Kikubaaqudgha.
  2435 | D:3      | Found a sacrificial altar of Ru.
  2437 | D:3      | Found a glowing silver altar of Zin.
  2437 | D:3      | Found a glowing golden altar of the Shining One.
  2541 | D:3      | Reached XP level 5. HP: 30/38 MP: 4/9
  2683 | D:3      | Reached skill level 5 in Conjurations
  3190 | D:4      | Noticed Eustachio
  3212 | D:4      | Killed from afar by a white imp

Vault maps used:
D:1:      minmay_arrival_up_and_down
D:2:      first_bread
D:3:      minitemple, nicolae_overflow_hidden_temple
D:4:      uniq_eustachio

Skill      XL: |  1  2  3  4  5 |
---------------+----------------+-----
Conjurations   | 2 3 4 5 |  5.6
Dodging        | |  1.7
Stealth        | |  1.7
Spellcasting   | |  3.0
Summonings     | |  1.0
Translocations | |  1.0

Action                   |  1- 3 |  4- 6 || total
-------------------------+-------+-------++-------
Melee: Unarmed           |     4 |       ||     4
       Whip              |    24 |       ||    24
       Tailslap          |     1 |     2 ||     3
       Dagger            |    24 |     9 ||    33
       Trident           |       |   102 ||   102
 Cast: Magic Dart        |    64 |    32 ||    96
  Use: Scroll            |       |     8 ||     8
       Potion            |       |     1 ||     1
 Stab: Sleeping          |     1 |     1 ||     2
  Eat: Chunk             |     2 |     5 ||     7
Armor: Skin              |    18 |    26 ||    44
Dodge: Dodged            |    33 |   115 ||   148
